 Dungeon Crawl Stone Soup version 0.18.1-47-g9310371 (webtiles) character file.

61 Shtopit the Charmwright (level 3, -5/24 HPs)
             Began as a High Elf Skald on June 19, 2016.
             Killed from afar by an orc wizard (11 damage)
             ... with a puff of frost
             ... on level 3 of the Dungeon.
             The game lasted 00:07:08 (2983 turns).

Shtopit the Charmwright (High Elf Skald)            Turns: 2983, Time: 00:07:09

Health: -5/24      AC:  4    Str: 14    XL:     3   Next: 83%
Magic:  4/8        EV: 12    Int: 16    God:
Gold:   70         SH:  0    Dex: 14    Spells: 3 memorised, 0 levels left

rFire  . . .     SeeInvis .     a - +1 falchion
rCold  . . .     Gourm    .     b - +1 leather armour
rNeg   . . .     Faith    .     (no shield)
rPois  +         Spirit   .     (no helmet)
rElec  .         Dismiss  .     (no cloak)
rCorr  .         Reflect  .     (no gloves)
SustAt .         Harm     .     (no boots)
MR     .....     Clarity  +     (no amulet)
Stlth  +.........               (no ring)
                                r - ring of poison resistance

@: infused, not resistant to hostile enchantments, very unstealthy
A: clarity, strong 1, MP-powered wands
a: no special abilities


You were on level 3 of the Dungeon.
You were not hungry.

You visited 1 branch of the dungeon, and saw 3 of its levels.

You collected 70 gold pieces.

Inventory:

Hand Weapons
 a - a +1 falchion (weapon)
Missiles
 f - 3 tomahawks (quivered)
Armour
 b - a +1 leather armour (worn)
Jewellery
 r - a ring of poison resistance (left hand)
Wands
 t - a wand of confusion (27/48)
Scrolls
 e - a scroll of amnesia
 j - a scroll of enchant weapon
 k - a scroll of enchant armour
 n - a scroll of random uselessness {unknown}
 o - a scroll of fear {unknown}
Potions
 i - a potion of ambrosia {unknown}
 m - a potion of flight {unknown}
 p - a potion of curing {unknown}
 q - a potion of haste {unknown}
Books
 c - a book of Battle

   Spells                             Type                      Level
   a - Infusion                       Charms                       1
   b - Shroud of Golubria             Charms/Translocation         2
   c - Song of Slaying                Charms                       2
   d - Spectral Weapon                Hexes/Charms                 3
   e - Regeneration                   Charms/Necromancy            3
Comestibles
 d - 3 bread rations


   Skills:
 + Level 2.2 Fighting
 + Level 3.0 Long Blades
 + Level 1.5 Armour
 + Level 2.3 Dodging
 + Level 0.2 Stealth
 + Level 2.7 Spellcasting
 + Level 4.0 Charms


You couldn't memorise any spells.
You knew the following spells:

 Your Spells              Type           Power        Failure   Level  Hunger
a - Infusion              Chrm           ###.         6%          1    #......
b - Regeneration          Chrm/Necr      #.........   34%         3    ###....
c - Spectral Weapon       Hex/Chrm       #.......     34%         3    ###....


Dungeon Overview and Level Annotations

Branches:
Dungeon (3/15)

Altars:


Innate Abilities, Weirdness & Mutations

You possess an exceptional clarity of mind.
Your muscles are strong. (Str +2)
You expend magic power (3 MP) to strengthen your wands.


Message History

The orc wizard is heavily wounded.
The orc wizard casts a spell at you. The magic dart hits you!
You barely miss the orc wizard.
The orc wizard is heavily wounded.
The orc wizard casts a spell.
The orc wizard seems to speed up.
The orc wizard hits you but does no damage.
You miss the orc wizard.
The orc wizard is heavily wounded.
The orc wizard hits you with a dagger.
* * * LOW HITPOINT WARNING * * *
Casting: Infusion
Confirm with . or Enter, or press ? or * to list all spells.
You draw out your weapon's spirit!
The orc wizard hits you but does no damage.
The orc wizard completely misses you.
The orc wizard gestures at you while chanting.
The puff of frost hits you!
You die...

### ...
#.. #.#
#.# #.#
#o# #.#
#@# #(#
#.# #.#
#<#
#....#
#####.#


You could see an orc wizard and a friendly spectral falchion.

Vanquished Creatures
  An ooze (D:2)
  A worm (D:2)
  A giant gecko (D:2)
  2 giant cockroaches (D:1)
  5 goblins
  6 hobgoblins
  6 jackals
  10 kobolds
  2 ball pythons (D:2)
  6 bats (D:1)
  3 giant newts (D:1)
  9 rats
52 creatures vanquished.

Notes
Turn   | Place    | Note
--------------------------------------------------------------
     0 | D:1      | Shtopit the High Elf Skald began the quest for the Orb.
     0 | D:1      | Reached XP level 1. HP: 14/14 MP: 4/4
   382 | D:1      | Reached skill level 1 in Armour
   638 | D:1      | Reached XP level 2. HP: 2/19 MP: 2/6
  1577 | D:1      | Reached XP level 3. HP: 21/24 MP: 4/7
  1659 | D:1      | Learned a level 3 spell: Regeneration
  1663 | D:1      | Learned a level 3 spell: Spectral Weapon
  2402 | D:2      | Reached skill level 4 in Charms
  2939 | D:2      | Gained mutation: Your muscles are strong. (Str +2) [potion of mutation]
  2939 | D:2      | Gained mutation: You possess an exceptional clarity of mind. [potion of mutation]
  2939 | D:2      | Gained mutation: You expend magic power (3 MP) to strengthen your wands. [potion of mutation]
  2983 | D:3      | Killed from afar by an orc wizard

Skill      XL: |  1  2  3 |
---------------+----------+-----
Armour         | 1 |  1.5
Dodging        | 2 |  2.3
Charms         | 4 |  4.0
Long Blades    | 3 |  3.0
Fighting       | |  2.2
Stealth        | |  0.2
Spellcasting   | |  2.7

Action                   || total
-------------------------++-------
Melee: Falchion          ||   147
 Cast: Infusion          ||    29
       Spectral Weapon   ||     1
  Use: Scroll            ||     6
       Potion            ||     1
  Eat: Chunk             ||     7
Armor: Leather armour    ||    52
Dodge: Dodged            ||   126
